 Dungeon Crawl Stone Soup version 0.29-a0-322-g68df515428 (webtiles) character file.

Game seed: 14019569511895125128

25570 Bnni the Brawler (level 13, -1/105 (112) HPs)
             Began as an Octopode Transmuter on Apr 8, 2022.
             Was an Initiate of Gozag.
             Slain by a minotaur
             ... wielding a +0 rapier of draining
              (10 damage)
             ... in a Gauntlet.
             The game lasted 00:50:09 (17242 turns).

Bnni the Brawler (Octopode Transmuter)             Turns: 17242, Time: 00:50:10

HP:   -1/105 (112)  AC: 17    Str: 13    XL:     13   Next: 20%
MP:   15/20         EV: 10    Int: 28    God:    Gozag
Gold: 346           SH:  0    Dex: 12    Spells: 5/22 levels left

rFire   x . .      SeeInvis .     - Unarmed
rCold   + + +      Faith    .   (shield currently unavailable)
rNeg    + . .      Spirit   .   (helmet currently unavailable)
rPois   +          Reflect  .   D - amulet of the acrobat
rElec   +          Harm     .   w - +4 ring of protection
rCorr   +          Rampage  .   u - ring of protection from cold
Will    .....      NoTele   +   G - ring "Maokia" {rC+ rN+ Will- Int+2 Slay+4}
Stlth   +.........              H - +4 ring of protection
HPRegen 0.27/turn               e - ring of Yso Mumn {rElec rPois rCorr MP-9 Int+3}
MPRegen 0.17/turn               k - ring of poison resistance
                                s - +6 ring of intelligence
                                K - ring "Xycaek" {MP+9 Slay+2}

@: ice-form, on blink cooldown, hasted, drained, very quick
A: freezing attack, boosted hp, almost no armour, amphibious, 8 rings, large,
(camouflage 1), (gelatinous body 1), (nimble swimmer 1), (tentacles)
a: End Transformation, Renounce Religion, Potion Petition, Call Merchant, Bribe
Branch


You were in a Gauntlet.
You worshipped Gozag.
Gozag was aware of your devotion.
You were a creature of crystalline ice.
You visited 2 branches of the dungeon, and saw 13 of its levels.
You also visited: Gauntlet.

You collected 3368 gold pieces.
You spent 1445 gold pieces at shops.
You paid 1577 gold pieces to Gozag.

Inventory:

Missiles
 m - a throwing net
 C - 2 curare-tipped darts
Armour
 y - a +0 buckler (melded)
 L - a +0 hat (melded)
Jewellery
 e - the ring of Yso Mumn (on tentacle) {rElec rPois rCorr MP-9 Int+3}
   (You bought it in a shop on level 9 of the Dungeon)

   [ring of poison resistance]

   Int:       It affects your intelligence (+3).
   rElec:     It insulates you from electricity.
   rPois:     It protects you from poison.
   MP:        It affects your magic capacity (-9).
   rCorr:     It protects you from acid and corrosion.
 k - a ring of poison resistance (on tentacle)
 p - a ring of ice
 s - a +6 ring of intelligence (on tentacle)
 u - a ring of protection from cold (right front paw)
 w - a +4 ring of protection (left front paw)
 A - a ring of fire
 D - an amulet of the acrobat (around neck)
 E - a ring of flight
 G - the ring "Maokia" (on tentacle) {rC+ rN+ Will- Int+2 Slay+4}
   (You bought it in a shop on level 9 of the Dungeon)

   [ring of protection from cold]

   Int:       It affects your intelligence (+2).
   Slay:      It affects your accuracy & damage with ranged weapons and melee
   (+4).
   rC:        It protects you from cold.
   rN:        It protects you from negative energy.
   Will:      It decreases your willpower.
 H - a +4 ring of protection (on tentacle)
 K - the ring "Xycaek" (on tentacle) {MP+9 Slay+2}
   (You found it in a Gauntlet)

   [ring of magical power]

   Slay:      It affects your accuracy & damage with ranged weapons and melee
   (+2).
   MP:        It affects your magic capacity (+9).
Wands
 q - a wand of paralysis (9)
 x - a wand of flame (7)
Scrolls
 b - 3 scrolls of immolation
 c - 2 scrolls of enchant weapon
 g - 2 scrolls of fear
 i - 7 scrolls of teleportation {unknown}
 l - 3 scrolls of fog
 v - 3 scrolls of vulnerability
 B - 3 scrolls of blinking
 J - a scroll of acquirement {unknown}
 M - a scroll of summoning {unknown}
Potions
 a - 3 potions of lignification
 d - 5 potions of resistance
 f - a potion of ambrosia
 h - 2 potions of flight
 j - 5 potions of curing
 n - a potion of haste
 r - 2 potions of attraction
 t - 3 potions of might
 F - a potion of cancellation
 I - 2 potions of mutation
Miscellaneous
 o - a lightning rod (4/4)
 z - a phantom mirror


   Skills:
 + Level 10.9 Fighting
 - Level 2.0 Dodging
 - Level 2.0 Shields
 * Level 15.5 Unarmed Combat
 - Level 5.0 Spellcasting
 - Level 2.0 Translocations
 - Level 10.0 Transmutations
 - Level 2.0 Ice Magic
 - Level 1.0 Poison Magic


You had 5 spell levels left.
You knew the following spells:

 Your Spells              Type           Power      Damage    Failure   Level
a - Wereblood             Tmut           58%        N/A       1%          2
b - Blink                 Tloc           36%        N/A       4%          2
c - Spider Form           Tmut/Pois      37%        N/A       1%          3
d - Ice Form              Ice/Tmut       40%        N/A       5%          4
e - Sting                 Tmut/Pois      100%       1d8       1%          1
f - Blade Hands           Tmut           29%        N/A       3%          5

Your spell library contained the following spells:

 Spells                   Type           Power      Damage    Failure   Level
 Beastly Appendage        Tmut           100%       N/A       1%          1
 Poisonous Vapours        Pois/Air       18%        N/A       9%          2
 Lesser Beckoning         Tloc           18%        N/A       9%          3
 Corpse Rot               Necr/Air       14%        N/A       10%         2
 Portal Projectile        Hex/Tloc       24%        N/A       13%         3
 Olgreb's Toxic Radiance  Pois           12%        N/A       41%         4
 Dispel Undead            Necr           7%         3d8       54%         4
 Manifold Assault         Tloc           18%        N/A       63%         5
 Excruciating Wounds      Necr           3%         N/A       88%         5
 Death Channel            Necr           3%         N/A       100%        6


Dungeon Overview and Level Annotations

Branches:
Dungeon (12/15)            Temple (1/1) D:5            Lair (0/6) D:10
    Orc (0/2) D:11        Gauntlet (1/1)

Altars:
Ashenzari
Cheibriados
Dithmenos
Elyvilon
Fedhas
Gozag
Hepliaklqana
Kikubaaqudgha
Makhleb
Nemelex Xobeh
Okawaru
Qazlal
Ru
Sif Muna
Trog
Uskayaw
Vehumet
Wu Jian
Xom
Yredelemnul
Zin
The Shining One
Beogh

Shops:
D:6 [   D:8 ?   D:9 =   D:10 *

Annotations:
Gauntlet 12 transporters


Innate Abilities, Weirdness & Mutations

You are a creature of crystalline ice.
You have a powerful freezing melee attack.
Your maximum health is increased.
Your armour is entirely melded.
You are incapable of wielding weapons or throwing items.
You cannot wear most types of armour.
You are amphibious.
You can wear up to eight rings at the same time.
((Your skin changes colour to match your surroundings (Stealth+).))
((Your rubbery body absorbs attacks. (AC +1, EV +1)))
((You are camouflaged when in or above water. (Stealth+)))
((You have tentacles for arms and can constrict up to eight enemies at once.))


Message History

You partially resist.
You feel drained. The minotaur gores you!!
You hit the minotaur but do no damage.
The minotaur is moderately wounded.
The minotaur hits you with a +0 rapier of draining!!
* * * LOW HITPOINT WARNING * * *
You partially resist.
You feel drained.
* * * LOW HITPOINT WARNING * * *
The minotaur completely misses you.
Blink to where?
Press: ? - help, Dir - move target, f - you
Okay, then.
Press: ? - help, v - describe, . - travel, g - get item
Items here: ! )) // : [.
A gate leading back out of this place.
Unknown command.
Okay, then.
Casting: Ice Form (dangerous; 5% risk of failure)
Confirm with . or Enter, or press ? or * to list all spells.
You blink.
Okay, then.
You can't see any enemies this would affect, really read the scroll of fear?
Okay, then.
Okay, then.
Okay, then.
Casting: Blink (safe; 4% risk of failure)
Confirm with . or Enter, or press ? or * to list all spells.
Aiming: Sting (safe; 1% risk of failure)
Press: ? - help, Shift-Dir - straight line, f - minotaur
Aim: a minotaur, wielding a +0 rapier of draining, wearing a +0 chain mail and quivering javelins (moderately wounded, berserk, 87% to hit)
The sting misses the minotaur.
Casting: Sting (safe; 1% risk of failure)
Confirm with . or Enter, or press ? or * to list all spells.
You are still too unstable to blink.
Blink to where?
Press: ? - help, Dir - move target, p - minotaur
Okay, then.
The minotaur attacks as you move away! The minotaur completely misses you.
The minotaur gores you!
You die...
Your body crumbles into a pile of gold.

###.###.###.###
#.............#
#.###.###.###.#
#.............#
#######§#######
###.## #.∩..#
###..H⌠+$
#.'⌠.Y.#
###..⌠.# ###+##


You could see a minotaur (berserk).

Vanquished Creatures
  A dire elephant (Gauntlet)
  A hydra (D:10)
  4 two-headed ogres
  A tengu warrior (D:10)
  3 deep elf pyromancers
  2 manticores (D:10)
  4 ugly things
  A worldbinder (Gauntlet)
  2 elephants (Gauntlet)
  Joseph (D:10)
  A komodo dragon (D:10)
  3 trolls
  A wolf spider simulacrum (Gauntlet)
  A slime creature (D:10)
  2 hornets (D:10)
  3 centaur simulacra (Gauntlet)
  A vampire (D:10)
  39 yaks
  A wraith (D:10)
  2 steam dragons
  7 vampire mosquitoes
  Menkaure (D:4)
  A water moccasin (shapeshifter) (D:11)
  2 acid dragons
  15 orc warriors
  2 black bears
  2 water moccasins
  3 sky beasts
  A boggart (Gauntlet)
  3 ogres
  8 centaurs
  4 kobold brigands
  4 bullfrogs
  A cane toad simulacrum (Gauntlet)
  A gnoll sergeant (D:10)
  2 necrophages
  2 scorpions (D:5)
  19 killer bees
  9 howler monkeys
  5 electric eels
  3 hounds
  14 orc priests
  3 jellies
  4 iguanas
  25 orc wizards
  Terence (D:3)
  A mummy (D:8)
  3 gnolls (D:6)
  13 adders
  A shadow imp (D:8)
  A white imp (D:7)
  An ufetubus (D:5)
  A worm (D:2)
  2 dart slugs
  64 orcs
  3 ball pythons
  9 endoplasms
  5 goblins
  7 hobgoblins
  4 jackals (D:3)
  22 kobolds
  5 quokkas
  3 bats
  2 frilled lizards
  2 hobgoblin zombies (D:8)
  2 orc zombies (D:8)
  5 rats
372 creatures vanquished.

Vanquished Creatures (others)
  An orc (D:7)
  10 plants (D:10)
  14 withered plants (Gauntlet)
25 creatures vanquished.

Grand Total: 397 creatures vanquished

Notes
Turn   | Place    | Note
-------+----------+-------------------------------------------
     0 | D:1      | Bnni the Octopode Transmuter began the quest for the Orb.
     0 | D:1      | Reached XP level 1. HP: 13/13 MP: 3/3
   186 | D:1      | Reached XP level 2. HP: 7/18 MP: 5/5
   458 | D:1      | Learned a level 2 spell: Wereblood
   460 | D:1      | Learned a level 1 spell: Sting
  1085 | D:2      | Reached XP level 3. HP: 19/23 MP: 3/6
  1347 | D:2      | Reached skill level 4 in Unarmed Combat
  1347 | D:2      | Reached XP level 4. HP: 29/29 MP: 7/7
  1415 | D:2      | Found a stormy altar of Qazlal.
  1470 | D:2      | Found a faded altar of an unknown god.
  1612 | D:2      | Learned a level 3 spell: Spider Form
  1735 | D:3      | Noticed Terence
  1748 | D:3      | Killed Terence
  1846 | D:3      | Found a blossoming altar of Fedhas.
  1883 | D:3      | Found a radiant altar of Vehumet.
  1883 | D:3      | Found a hazy altar of Hepliaklqana.
  2113 | D:3      | Reached XP level 5. HP: 33/34 MP: 5/8
  2757 | D:4      | Noticed a sky beast
  2768 | D:4      | Killed a sky beast
  2769 | D:4      | Reached skill level 5 in Unarmed Combat
  2769 | D:4      | Reached XP level 6. HP: 6/41 MP: 2/9
  3433 | D:4      | Noticed Menkaure
  3446 | D:4      | Killed Menkaure
  3447 | D:4      | Reached XP level 7. HP: 32/46 MP: 10/10
  3649 | D:5      | Entered Level 5 of the Dungeon
  3690 | D:5      | Reached skill level 6 in Unarmed Combat
  4098 | D:5      | Reached XP level 8. HP: 46/54 MP: 11/11
  4140 | D:5      | Found a staircase to the Ecumenical Temple.
  4149 | Temple   | Entered the Ecumenical Temple
  4289 | Temple   | Became a worshipper of Gozag Ym Sagoz the Greedy
  4377 | D:5      | Reached skill level 7 in Unarmed Combat
  4508 | D:5      | Reached skill level 5 in Transmutations
  5044 | D:6      | Reached skill level 1 in Poison Magic
  5144 | D:6      | Reached skill level 5 in Fighting
  5150 | D:6      | Reached skill level 8 in Unarmed Combat
  5406 | D:6      | Found Xuho Gor's Antique Armour Shop.
  5796 | D:6      | Learned a level 4 spell: Ice Form
  5810 | D:6      | Reached XP level 9. HP: 35/61 MP: 12/12
  6006 | D:6      | Reached skill level 1 in Ice Magic
  6822 | D:7      | Reached skill level 9 in Unarmed Combat
  7005 | D:7      | Identified the +3 robe "Ohoej" {*Corrode Will- Regen+
                  | Int+4}
  7596 | D:8      | You fall into a shaft and drop 3 floors!
  7615 | D:11     | Noticed a two-headed ogre
  7623 | D:11     | Killed a two-headed ogre
  7624 | D:11     | Reached skill level 10 in Unarmed Combat
  7624 | D:11     | Reached XP level 10. HP: 69/69 MP: 2/13
  8041 | D:10     | Entered Level 10 of the Dungeon
  8066 | D:10     | Noticed Joseph
  8078 | D:10     | Found a staircase to the Lair.
  8108 | D:10     | Found an iron altar of Okawaru.
  8139 | D:10     | Found Efamesk's Assorted Antiques.
  8294 | D:10     | Bought an iron ring for 135 gold pieces
  8651 | D:10     | Reached skill level 11 in Unarmed Combat
  8660 | D:10     | Noticed a deep elf pyromancer
  8691 | D:10     | Found a glowing golden altar of the Shining One.
  9138 | D:10     | Noticed a manticore
  9509 | D:8      | Reached XP level 11. HP: 77/77 MP: 9/14
  9685 | D:8      | Reached skill level 12 in Unarmed Combat
  9797 | D:8      | Learned a level 2 spell: Blink
  9910 | D:8      | Reached skill level 1 in Translocations
 10702 | D:8      | Bought a scroll of identify for 34 gold pieces
 11612 | D:9      | Bought the ring of Yso Mumn {rElec rPois rCorr MP-9 Int+3}
                  | for 297 gold pieces
 11789 | D:10     | Noticed a tengu warrior
 11804 | D:10     | Killed a tengu warrior
 11926 | D:10     | Killed Joseph
 11927 | D:10     | Reached skill level 13 in Unarmed Combat
 12185 | D:9      | Learned a level 5 spell: Blade Hands
 12196 | D:10     | Killed a manticore
 12342 | D:10     | Noticed a two-headed ogre
 12351 | D:10     | Killed a two-headed ogre
 12352 | D:10     | Reached XP level 12. HP: 85/85 MP: 3/18
 12455 | D:10     | HP: 2/86 [red ugly thing (17)]
 13052 | D:10     | Noticed a four-headed hydra
 13060 | D:10     | Killed a four-headed hydra
 13475 | D:10     | Found a basalt altar of Yredelemnul.
 13562 | D:10     | Reached skill level 10 in Transmutations
 13820 | D:10     | Reached skill level 14 in Unarmed Combat
 14113 | D:10     | Noticed a two-headed ogre
 14117 | D:10     | Killed a two-headed ogre
 14372 | D:9      | Bought the ring "Maokia" {rC+ rN+ Will- Int+2 Slay+4} for
                  | 583 gold pieces
 14415 | D:10     | Reached skill level 1 in Shields
 14422 | D:10     | Reached skill level 10 in Fighting
 15656 | D:11     | Found a staircase to the Orcish Mines.
 15877 | D:9      | Bought a +4 ring of protection for 396 gold pieces
 16052 | D:12     | Noticed a two-headed ogre
 16062 | D:12     | Reached skill level 5 in Spellcasting
 16063 | D:12     | Killed a two-headed ogre
 16071 | D:12     | Reached XP level 13. HP: 29/93 MP: 5/20
 16078 | D:12     | Reached skill level 15 in Unarmed Combat
 16103 | D:12     | Found a gate leading to a gauntlet.
 16108 | Gauntlet | Entered a Gauntlet
 16108 | Gauntlet | Found a transporter.
 16308 | Gauntlet | Found a transporter.
 16310 | Gauntlet | Found a transporter.
 16322 | Gauntlet | Found a transporter.
 16332 | Gauntlet | Found a transporter.
 16337 | Gauntlet | Found a transporter.
 16352 | Gauntlet | Found a transporter.
 16357 | Gauntlet | Noticed a dire elephant
 16371 | Gauntlet | Found a transporter.
 16383 | Gauntlet | Found a transporter.
 16385 | Gauntlet | Noticed a quicksilver ooze
 16395 | Gauntlet | Found a transporter.
 16401 | Gauntlet | Found a transporter.
 16416 | Gauntlet | Found a transporter.
 16422 | Gauntlet | Found a transporter.
 16437 | Gauntlet | Found a transporter.
 16454 | Gauntlet | Found a transporter.
 16474 | Gauntlet | Found a transporter.
 16502 | Gauntlet | Found a transporter.
 16712 | Gauntlet | Found a transporter.
 16847 | Gauntlet | Killed a dire elephant
 17156 | Gauntlet | Identified the ring "Xycaek" {MP+9 Slay+2}
 17231 | Gauntlet | Noticed a minotaur
 17242 | Gauntlet | Slain by a minotaur

Illustrated notes

Levels and vault maps discovered:
D:1:      grunt_arrival_crossed_arrows, layout_loops_ring
D:2:      layout_rooms, basic_ecumenical_altar, basic_altar,
          chequers_serial_rivers_micro_a
D:3:      layout_rooms, gammafunk_temple_overflow_statue,
          mainiacjoe_overflow_boulevard, minmay_misc_feat_more_columns,
          uniq_terence
D:4:      layout_cave_pools, chequers_serial_rivers_micro_b, uniq_menkaure
D:5:      layout_cave_pools, minmay_temple_entry_drinking_statues,
          dk_vineyard_1, kennysheep_pointless_box,
          minmay_a_box_with_orc_wizards_in_it
D:6:      layout_basic, serial_shops, kennysheep_mini
D:7:      layout_loops_ring, nrook_campfire
D:8:      layout_loops_ring, special_room [special_room_orc],
          minmay_mini_ossuary
D:9:      layout_big_octagon
D:10:     minmay_the_grid_octo_tiled_octocenter [minmay_the_grid_octo_clover,
          minmay_the_grid_octo_toaster, minmay_the_grid_octo_chip,
          minmay_the_grid_octo_checkerflower, minmay_the_grid_octo_prize_big_c,
          minmay_the_grid_square_5x5_inner_z, minmay_the_grid_square_5x5_n,
          minmay_the_grid_square_5x5_bite,
          minmay_the_grid_square_5x5_checkered_statues], layout_stronghold,
          tso_altar, mainiacjoe_overflow_concentric_impassable,
          mainiacjoe_overflow_brackets, dpeg_oklobed_lair, serial_rivers,
          chequers_serial_rivers_marsh, chequers_serial_rivers_micro_d,
          chequers_serial_rivers_small_3, chequers_serial_rivers_large_b,
          chequers_serial_rivers_micro_c, nicolae_inconvenience_store,
          uniq_joseph
D:11:     layout_loops_ring, erik_orc_2
D:12:     layout_basic, gauntlet_entry_generic
Temple:   eino_temple_scatter_basement
Gauntlet: gammafunk_gauntlet_one_two_three [gammafunk_gauntlet_arena_grid,
          gammafunk_gauntlet_arena_chambers, nicolae_gauntlet_arena_blocks,
          nicolae_gauntlet_arena_t_cross, gammafunk_gauntlet_arena_arrow_garden,
          gammafunk_gauntlet_arena_teeth, gammafunk_gauntlet_arena_corners,
          gammafunk_gauntlet_arena_open, nicolae_gauntlet_swirl,
          gauntlet_exit_hidden_loot]

Skill      XL: |  1  2  3  4  5  6  7  8  9 10 11 12 13 |
---------------+----------------------------------------+-----
Unarmed Combat | 4 5 6 8 10 11 13 14 15 | 15.5
Fighting       | 2 3 4 5 6 8 9 10 | 10.9
Transmutations | 3 4 5 7 8 9 10 | 10.0
Poison Magic   | 1 |  1.0
Ice Magic      | 2 |  2.0
Translocations | 2 |  2.0
Spellcasting   | 4 5 |  5.0
Shields        | 2 |  2.0
Dodging        | |  2.0

Action                   |  1- 3 |  4- 6 |  7- 9 | 10-12 | 13-15 || total
-------------------------+-------+-------+-------+-------+-------++-------
Melee: Unarmed           |    56 |    66 |     2 |   415 |    37 ||   576
       Constrict         |    14 |    18 |    40 |    37 |     3 ||   112
       Tentacles         |    12 |    13 |    36 |    60 |     5 ||   126
       Kick              |     3 |     1 |       |       |       ||     4
       Punch             |     1 |     2 |    10 |    17 |     2 ||    32
       Demon blade       |       |    16 |   204 |    82 |       ||   302
Throw: Throwing net      |       |     1 |       |       |       ||     1
       Dart              |       |       |     1 |       |       ||     1
 Cast: Sting             |     6 |     8 |    12 |    46 |     3 ||    75
       Beastly Appendage |     2 |     1 |       |       |       ||     3
       Wereblood         |       |     5 |     8 |    17 |     3 ||    33
       Spider Form       |       |     1 |       |     4 |       ||     5
       Ice Form          |       |       |     1 |    18 |     2 ||    21
       Blade Hands       |       |       |       |     8 |     3 ||    11
       Blink             |       |       |       |       |     1 ||     1
Invok: Call Merchant     |       |       |       |     2 |       ||     2
 Abil: End Transformatio |       |       |       |     1 |       ||     1
Evoke: Wand              |       |       |       |     6 |       ||     6
  Use: Scroll            |       |     3 |     5 |    16 |     3 ||    27
       Potion            |       |       |     1 |     7 |     4 ||    12
 Stab: Sleeping          |     3 |     3 |     8 |     1 |       ||    15
       Distracted        |       |     1 |     1 |     4 |       ||     6
       Invisible         |       |       |       |       |     3 ||     3
Armor: Skin              |     1 |    11 |    45 |   149 |    13 ||   219
Dodge: Dodged            |    32 |    44 |   136 |   323 |    32 ||   567
Block: Buckler           |       |       |       |     6 |     1 ||     7

Table legend: (Time is in decaauts)
 A = Elapsed time spent in this place.
 B = Non-inter-level travel time spent in this place.
 C = Inter-level travel time spent in this place.
 D = Time resting spent in this place.
 E = Time spent auto-exploring this place.
 F = Levels seen in this place.
 G = Mean time per level.
                   A        B        C        D        E       F      G
               +--------+--------+--------+--------+--------+-----+--------+
         Total |  17223 |  16560 |    663 |   4243 |   9063 |  14 | 1230.2 |
       Dungeon |  15948 |  15294 |    654 |   3667 |   8687 |  12 | 1329.0 |
        Temple |    150 |    141 |      9 |      0 |    116 |   1 |  150.0 |
      Gauntlet |   1123 |   1123 |      0 |    576 |    260 |   1 | 1123.0 |
               +--------+--------+--------+--------+--------+-----+--------+

Top non-repeatable levels by time:
    D:10: 3576 daAuts
     D:9: 1858 daAuts
    D:11: 1676 daAuts
     D:6: 1560 daAuts
     D:8: 1279 daAuts
     D:5: 1154 daAuts
     D:7: 1127 daAuts
Gauntlet: 1123 daAuts
     D:1: 1078 daAuts
     D:3: 989 daAuts
     D:4: 923 daAuts
     D:2: 652 daAuts
  Temple: 150 daAuts
    D:12: 71 daAuts
